3AA
MYRTLE BEACH MERMEN @ BELVEDERE PARK RAWHIDES
08/09/2027
 
TOP OF THE 1ST
Myrtle Beach Mermen batting - Pitching for Belvedere Park Rawhides : LHP Antenor Elizalde
Pitching: LHP Antenor Elizalde
Batting: RHB Sergio Pérez 0-0: Ball
1-0: Ball
2-0: Swinging Strike
2-1: Fly out, F5 (Popup, 5S)
Batting: RHB Maikel Cobblepot 0-0: Ball
1-0: Ground out 5-3 (Groundball, 5)
Batting: LHB Juan Villanueva 0-0: Ball
1-0: Called Strike
1-1: Ball
2-1: Ball
3-1: Reached on error, E6 (Groundball, 6D)
Batting: RHB Maik Palen 0-0: Swinging Strike
0-1: Ball
1-1: Fly out, F7 (Flyball, 7LS)
Top of the 1st over - 0 run(s), 0 hit(s), 1 error(s), 1 left on base; Myrtle Beach 0 - Belvedere Park 0
BOTTOM OF THE 1ST
Belvedere Park Rawhides batting - Pitching for Myrtle Beach Mermen : RHP Chris Hayes
Pitching: RHP Chris Hayes
Batting: RHB Marshall Lamar 0-0: Swinging Strike
0-1: Ground out 1-3 (Groundball, 15)
Batting: SHB Eduardo Pampin 0-0: Swinging Strike
0-1: Called Strike
0-2: Ball
1-2: Ball
2-2: Foul Ball, location: 2F
2-2: Foul Ball, location: 2F
2-2: Ball
3-2: Base on Balls
Batting: RHB Anastasio Hernández 0-0: Called Strike
0-1: Ball
1-1: Ball
2-1: Called Strike
2-2: SINGLE (Flyball, 9S)
Eduardo Pampin to second
Batting: RHB Ramón Cabral 0-0: Ball
1-0: Ball
2-0: Foul Ball, location: 2F
2-1: Swinging Strike
2-2: Strikes out swinging
Batting: SHB Adrián Zamudio 0-0: Ball
1-0: Ball
2-0: Fielders Choice at 2nd, 5-4 (Groundball, 56)
Bottom of the 1st over - 0 run(s), 1 hit(s), 0 error(s), 1 left on base; Myrtle Beach 0 - Belvedere Park 0
TOP OF THE 2ND
Myrtle Beach Mermen batting - Pitching for Belvedere Park Rawhides : LHP Antenor Elizalde
Batting: LHB Philip Strickland 0-0: Ball
1-0: Called Strike
1-1: Ball
2-1: Swinging Strike
2-2: Strikes out swinging
Batting: RHB Sal Haynes 0-0: Fly out, F9 (Flyball, 89M)
Batting: RHB Theodore York 0-0: Ball
1-0: Foul Ball, location: 2F
1-1: Ball
2-1: Fly out, F8 (Flyball, 78D)
Top of the 2nd over - 0 run(s), 0 hit(s), 0 error(s), 0 left on base; Myrtle Beach 0 - Belvedere Park 0
BOTTOM OF THE 2ND
Belvedere Park Rawhides batting - Pitching for Myrtle Beach Mermen : RHP Chris Hayes
Batting: RHB José Pérez 0-0: Ball
1-0: Called Strike
1-1: SINGLE (Line Drive, 89S)
Batting: RHB Kevin Johnson 0-0: Called Strike
0-1: Called Strike
0-2: Ball
1-2: Fly out, F8 (Flyball, 8RD)
Batting: RHB Ed Jozwiak 0-0: Ball
1-0: Called Strike
1-1: Foul Ball, location: 2F
1-2: Ball
2-2: Foul Ball, location: 2F
2-2: Strikes out swinging
Batting: RHB Jaime Cruz 0-0: Called Strike
0-1: Ball
1-1: Fly out, F8 (Flyball, 8LD)
Bottom of the 2nd over - 0 run(s), 1 hit(s), 0 error(s), 1 left on base; Myrtle Beach 0 - Belvedere Park 0
TOP OF THE 3RD
Myrtle Beach Mermen batting - Pitching for Belvedere Park Rawhides : LHP Antenor Elizalde
Batting: RHB Pancho Núñez 0-0: Swinging Strike
0-1: Ball
1-1: Fly out, F9 (Flyball, 9LSF)
Batting: SHB David Vázquez 0-0: Ball
1-0: Swinging Strike
1-1: Ball
2-1: Foul Ball, location: 2F
2-2: Ball
3-2: Reached on error, E6 (Groundball, 6M)
Batting: RHB Sergio Pérez 0-0: Ball
1-0: Foul Ball, location: 2F
1-1: Ball
2-1: Swinging Strike
2-2: Foul Ball, location: 2F
2-2: Foul Ball, location: 2F
2-2: Ball
3-2: Fly out, F8 (Flyball, 8LM)
Batting: RHB Maikel Cobblepot 0-0: Called Strike
0-1: Fly out, F7 (Flyball, 7S)
Top of the 3rd over - 0 run(s), 0 hit(s), 1 error(s), 1 left on base; Myrtle Beach 0 - Belvedere Park 0
BOTTOM OF THE 3RD
Belvedere Park Rawhides batting - Pitching for Myrtle Beach Mermen : RHP Chris Hayes
Batting: RHB Marshall Lamar 0-0: Ball
1-0: Ball
2-0: SINGLE (Line Drive, 6MD)
Batting: SHB Eduardo Pampin 0-0: Called Strike
0-1: Ball
1-1: Ball
2-1: Ball
3-1: Fly out, F7 (Flyball, 7D)
Batting: RHB Anastasio Hernández 0-0: Ball
1-0: Ball
Marshall Lamar steals 2nd base
2-0: Ball
3-0: Called Strike
3-1: Base on Balls
Batting: RHB Ramón Cabral 0-0: Called Strike
0-1: Ball
1-1: Swinging Strike
1-2: Strikes out swinging
Batting: SHB Adrián Zamudio 0-0: Ball
1-0: Ball
2-0: Ground out 3-1 (Groundball, 34)
Bottom of the 3rd over - 0 run(s), 1 hit(s), 0 error(s), 2 left on base; Myrtle Beach 0 - Belvedere Park 0
TOP OF THE 4TH
Myrtle Beach Mermen batting - Pitching for Belvedere Park Rawhides : LHP Antenor Elizalde
Batting: LHB Juan Villanueva 0-0: Ball
1-0: Foul Ball, location: 2F
1-1: Fly out, F7 (Flyball, 7)
Batting: RHB Maik Palen 0-0: Called Strike
0-1: Ball
1-1: Ground out 5-3 (Groundball, 56D)
Batting: LHB Philip Strickland 0-0: SINGLE (Line Drive, 9LM)
Batting: RHB Sal Haynes 0-0: Ball
1-0: Foul Ball, location: 2F
1-1: Foul Ball, location: 2F
1-2: Ball
2-2: Ball
3-2: Fly out, F9 (Line Drive, 9)
Top of the 4th over - 0 run(s), 1 hit(s), 0 error(s), 1 left on base; Myrtle Beach 0 - Belvedere Park 0
BOTTOM OF THE 4TH
Belvedere Park Rawhides batting - Pitching for Myrtle Beach Mermen : RHP Chris Hayes
Batting: RHB José Pérez 0-0: Called Strike
0-1: Ball
1-1: Ball
2-1: Foul Ball, location: 2F
2-2: Ball
3-2: Base on Balls
Batting: RHB Kevin Johnson 0-0: Ball
1-0: Called Strike
1-1: Foul Ball, location: 2F
1-2: Ball
2-2: Ball
3-2: Base on Balls
José Pérez to second
Batting: RHB Ed Jozwiak 0-0: Foul Ball, location: 2F
0-1: Fielders Choice at 2nd, 6-4 (Groundball, 6)
José Pérez to third
Batting: RHB Jaime Cruz 0-0: Fly out, F8 (Flyball, 8LXD)
Runner from 3rd tags up, SCORES, no throw
Batting: RHB Marshall Lamar 0-0: Ball
Ed Jozwiak steals 2nd base
1-0: Ball
2-0: Foul Ball, location: 2F
2-1: Foul Ball, location: 2F
2-2: Foul Ball, location: 2F
2-2: Strikes out swinging
Bottom of the 4th over - 1 run(s), 0 hit(s), 0 error(s), 1 left on base; Myrtle Beach 0 - Belvedere Park 1
TOP OF THE 5TH
Myrtle Beach Mermen batting - Pitching for Belvedere Park Rawhides : LHP Antenor Elizalde
Batting: RHB Theodore York 0-0: Ball
1-0: Ball
2-0: Ball
3-0: Called Strike
3-1: Fly out, F7 (Flyball, 7)
Batting: RHB Pancho Núñez 0-0: Called Strike
0-1: Ball
1-1: Fly out, F4 (Popup, 3D)
Batting: SHB David Vázquez 0-0: Called Strike
0-1: DOUBLE (Line Drive, 3D)
Batting: RHB Sergio Pérez 0-0: Ball
1-0: Called Strike
1-1: Ball
2-1: Foul Ball, location: 2F
2-2: Foul Ball, location: 2F
2-2: Foul Ball, location: 2F
2-2: Ground out 5-3 (Groundball, 5)
Top of the 5th over - 0 run(s), 1 hit(s), 0 error(s), 1 left on base; Myrtle Beach 0 - Belvedere Park 1
BOTTOM OF THE 5TH
Belvedere Park Rawhides batting - Pitching for Myrtle Beach Mermen : RHP Chris Hayes
Batting: SHB Eduardo Pampin 0-0: Ball
1-0: Ball
2-0: Foul Ball, location: 2F
2-1: Foul Ball, location: 2F
2-2: Ball
3-2: Fly out, F7 (Flyball, 7)
Batting: RHB Anastasio Hernández 0-0: Fly out, F9 (Flyball, 9S)
Batting: RHB Ramón Cabral 0-0: Called Strike
0-1: DOUBLE (Line Drive, 78XD)
Batting: SHB Adrián Zamudio 0-0: Ball
Balk!
Ramón Cabral to third
1-0: Called Strike
1-1: Called Strike
1-2: Ball
2-2: Ground out 5-3 (Groundball, 56)
Bottom of the 5th over - 0 run(s), 1 hit(s), 0 error(s), 1 left on base; Myrtle Beach 0 - Belvedere Park 1
TOP OF THE 6TH
Myrtle Beach Mermen batting - Pitching for Belvedere Park Rawhides : LHP Antenor Elizalde
Batting: RHB Maikel Cobblepot 0-0: Swinging Strike
0-1: Ball
1-1: Foul Ball, location: 2F
1-2: Foul Ball, location: 2F
1-2: Ground out 6-3 (Groundball, 6)
Batting: LHB Juan Villanueva 0-0: Ball
1-0: Ball
2-0: Ball
3-0: Called Strike
3-1: Swinging Strike
3-2: Foul Ball, location: 2F
3-2: DOUBLE (Line Drive, 8LD)
Batting: RHB Maik Palen 0-0: Fly out, F8 (Line Drive, 8RS)
Batting: LHB Philip Strickland 0-0: Called Strike
0-1: Foul Ball, location: 2F
0-2: Strikes out swinging
Top of the 6th over - 0 run(s), 1 hit(s), 0 error(s), 1 left on base; Myrtle Beach 0 - Belvedere Park 1
BOTTOM OF THE 6TH
Belvedere Park Rawhides batting - Pitching for Myrtle Beach Mermen : RHP Chris Hayes
Batting: RHB José Pérez 0-0: Called Strike
0-1: Foul Ball, location: 2F
0-2: Ball
1-2: Fly out, F3 (Popup, 3L)
Batting: RHB Kevin Johnson 0-0: Fly out, F9 (Flyball, 89S)
Batting: RHB Ed Jozwiak 0-0: SINGLE (Line Drive, 6M)
Batting: RHB Jaime Cruz 0-0: Ball
Throwing error on steal attempt, E2
Ed Jozwiak to third
1-0: Ball
2-0: Swinging Strike
2-1: Foul Ball, location: 2F
2-2: Ball
3-2: Ground out 6-3 (Groundball, 6)
Bottom of the 6th over - 0 run(s), 1 hit(s), 1 error(s), 1 left on base; Myrtle Beach 0 - Belvedere Park 1
TOP OF THE 7TH
Myrtle Beach Mermen batting - Pitching for Belvedere Park Rawhides : LHP Antenor Elizalde
Batting: RHB Sal Haynes 0-0: Foul Ball, location: 2F
0-1: Ball
1-1: Foul Ball, location: 2F
1-2: Ball
2-2: Foul Ball, location: 2F
2-2: Ball
3-2: Foul Ball, location: 2F
3-2: Base on Balls
Pitching: RHP Jason Zeitler
Pinch Runner at 1st Sixto Estrada:
Pinch Hitting: LHB Ferris Minor 0-0: Ball
1-0: Sac Bunt - play at first, batter OUT! 1-3
Sixto Estrada to second
Pinch Hitting: RHB Jim Unknown 0-0: Ball
1-0: Foul Ball, location: 2F
1-1: Swinging Strike
1-2: Strikes out swinging
Batting: SHB David Vázquez 0-0: Called Strike
0-1: Ball
1-1: Ball
2-1: Foul Ball, location: 2F
2-2: Ball
3-2: Strikes out swinging
Top of the 7th over - 0 run(s), 0 hit(s), 0 error(s), 1 left on base; Myrtle Beach 0 - Belvedere Park 1
BOTTOM OF THE 7TH
Belvedere Park Rawhides batting - Pitching for Myrtle Beach Mermen : RHP Chris Hayes
Now at 2B: Javier Robles
Now at 3B: Jimmy Dawson
Now in CF: Sixto Estrada
Batting: RHB Marshall Lamar 0-0: Ball
1-0: Ball
2-0: Ball
3-0: Called Strike
3-1: Ground out 4-3 (Groundball, 4)
Batting: SHB Eduardo Pampin 0-0: Called Strike
0-1: SOLO HOME RUN (Flyball, 9LD), Distance : 365 ft
Batting: RHB Anastasio Hernández 0-0: Called Strike
0-1: Ball
1-1: Foul Ball, location: 2F
1-2: Ball
2-2: Foul Ball, location: 2F
2-2: Ball
3-2: Base on Balls
Batting: RHB Ramón Cabral 0-0: Called Strike
0-1: Called Strike
0-2: Ball
1-2: Ball
2-2: Foul Ball, location: 2F
2-2: Foul Ball, location: 2F
2-2: Foul Ball, location: 2F
2-2: Ball
3-2: Base on Balls
Anastasio Hernández to second
Pitching: RHP Daniel McGovern
Batting: SHB Adrián Zamudio 0-0: Called Strike
0-1: Ball
1-1: Called Strike
1-2: Strikes out swinging
Batting: RHB José Pérez 0-0: Called Strike
0-1: Ground out 5-3 (Groundball, 56S)
Bottom of the 7th over - 1 run(s), 1 hit(s), 0 error(s), 2 left on base; Myrtle Beach 0 - Belvedere Park 2
TOP OF THE 8TH
Myrtle Beach Mermen batting - Pitching for Belvedere Park Rawhides : RHP Jason Zeitler
Batting: RHB Sergio Pérez 0-0: Ball
1-0: Called Strike
1-1: Foul Ball, location: 2F
1-2: Foul Ball, location: 2F
1-2: Ground out 6-3 (Groundball, 6)
Batting: RHB Maikel Cobblepot 0-0: Called Strike
0-1: Called Strike
0-2: Ground out 6-3 (Groundball, 6)
Batting: LHB Juan Villanueva 0-0: Called Strike
0-1: SINGLE (Line Drive, 56D)
Pitching: RHP Aaron Chapman
Batting: RHB Maik Palen 0-0: Called Strike
0-1: SINGLE (Line Drive, 6MD)
Juan Villanueva to second
Pitching: LHP Claudio Avelardo
Pinch Hitting: RHB Sancho Romero 0-0: Ball
1-0: Ball
2-0: Ball
3-0: Called Strike
3-1: Base on Balls
Juan Villanueva to third
Maik Palen to second
Batting: RHB Sixto Estrada 0-0: Fly out, F9 (Flyball, 89S)
Top of the 8th over - 0 run(s), 2 hit(s), 0 error(s), 3 left on base; Myrtle Beach 0 - Belvedere Park 2
BOTTOM OF THE 8TH
Belvedere Park Rawhides batting - Pitching for Myrtle Beach Mermen : RHP Daniel McGovern
Now at SS: Sancho Romero
Batting: RHB Kevin Johnson 0-0: Ball
1-0: Ball
2-0: Ball
3-0: Called Strike
3-1: Base on Balls
Batting: RHB Ed Jozwiak 0-0: Ball
Kevin Johnson is caught stealing 2nd base
1-0: Ball
2-0: Fly out, F9 (Flyball, 9LS)
Batting: RHB Jaime Cruz 0-0: Foul Ball, location: 2F
0-1: SINGLE (Groundball, 4MD)
Batting: RHB Marshall Lamar 0-0: Called Strike
0-1: Ball
1-1: Ball
2-1: Foul Ball, location: 2F
2-2: Ground out 5-3 (Groundball, 56S)
Bottom of the 8th over - 0 run(s), 1 hit(s), 0 error(s), 1 left on base; Myrtle Beach 0 - Belvedere Park 2
TOP OF THE 9TH
Myrtle Beach Mermen batting - Pitching for Belvedere Park Rawhides : LHP Claudio Avelardo
Pitching: LHP Brian Wheeler
Batting: RHB Javier Robles 0-0: Called Strike
0-1: Foul Ball, location: 2F
0-2: Foul Ball, location: 2F
0-2: Ball
1-2: Strikes out swinging
Batting: RHB Jimmy Dawson 0-0: Ball
1-0: Called Strike
1-1: Called Strike
1-2: Ball
2-2: Ball
3-2: Base on Balls
Pinch Hitting: RHB Álex Rodríguez 0-0: Ball
1-0: Ball
2-0: Fly out, F9 (Flyball, 9S)
Batting: RHB Sergio Pérez 0-0: Ball
1-0: Ball
2-0: Ball
3-0: Called Strike
3-1: Base on Balls
Jimmy Dawson to second
Batting: RHB Maikel Cobblepot 0-0: Ball
1-0: Foul Ball, location: 2F
1-1: Ball
2-1: Foul Ball, location: 2F
2-2: Hit by Pitch
Jimmy Dawson to third
Sergio Pérez to second
Batting: LHB Juan Villanueva 0-0: Called Strike
0-1: Foul Ball, location: 2F
0-2: Foul Ball, location: 2F
0-2: Foul Ball, location: 2F
0-2: Fielders Choice at 2nd, 4-6 (Groundball, 4)
Top of the 9th over - 0 run(s), 0 hit(s), 0 error(s), 2 left on base; Myrtle Beach 0 - Belvedere Park 2
Saturday, May 26th, 2018 - OOTP Baseball 17.12 Build 75